 Dungeon Crawl Stone Soup version 0.21.0-24-g2553a33 (webtiles) character file.

486 tidbits the Firebug (level 7, -2/50 HPs)
             Began as a Gnoll Fire Elementalist on Jan 19, 2018.
             Slain by a bullfrog (7 damage)
             ... on level 6 of the Dungeon.
             The game lasted 00:08:47 (1010 turns).

tidbits the Firebug (Gnoll Fire Elementalist)       Turns: 1010, Time: 00:08:48

Health: -2/50      AC:  3    Str: 10    XL:     7   Next: 13%
Magic:  13/15      EV: 15    Int: 20    God:
Gold:   200        SH:  0    Dex: 15    Spells: 10/17 levels left

rFire    . . .     SeeInvis .   a - +1 flail (venom)
rCold    . . .     Gourm    .   (no shield)
rNeg     . . .     Faith    .   q - +0 robe
rPois    +         Spirit   .   (no helmet)
rElec    .         Reflect  .   (no cloak)
rCorr    .         Harm     .   G - +0 pair of gloves
MR       .....                  (no boots)
Stlth    ++++......             (no amulet)
HPRegen  0.16/turn              g - ring of stealth
MPRegen  0.14/turn              k - ring of poison resistance

@: no status effects
A: distributed training, fangs 1, strong nose
a: no special abilities


You were on level 6 of the Dungeon.
You were not hungry.

You visited 1 branch of the dungeon, and saw 6 of its levels.

You collected 200 gold pieces.

Inventory:

Hand Weapons
 a - a +1 flail of venom (weapon)
   (You found it on level 4 of the Dungeon)
 l - a +0 club
 m - a +0 mace
 v - a +0 flail
 w - a +0 war axe
 x - a +0 short sword of venom
   (You took it off a kobold on level 2 of the Dungeon)
Missiles
 r - 5 stones (quivered)
Armour
 n - a +0 ring mail
 q - a +0 robe (worn)
 G - a +0 pair of gloves (worn)
Jewellery
 g - a ring of stealth (left hand)
   (You found it on level 2 of the Dungeon)
 k - a ring of poison resistance (right hand)
   (You found it on level 2 of the Dungeon)
Scrolls
 d - 2 scrolls of fear {unknown}
 e - 4 scrolls of teleportation {unknown}
 f - 3 scrolls of remove curse {unknown}
 j - 2 scrolls of amnesia {unknown}
 p - 5 scrolls of identify {unknown}
 t - 2 scrolls of immolation {unknown}
 u - a scroll of enchant armour {unknown}
 y - a scroll of enchant weapon {unknown}
Potions
 h - a potion of lignification {unknown}
 i - a potion of cancellation
 o - a potion of might {unknown}
 s - a potion of flight {unknown}
 z - a potion of berserk rage {unknown}
Books
 b - a book of Flames

   Spells                             Type                      Level
   a - Flame Tongue                   Conjuration/Fire             1
   b - Throw Flame                    Conjuration/Fire             2
   c - Conjure Flame                  Conjuration/Fire             3
   d - Inner Flame                    Hexes/Fire                   3
   e - Sticky Flame                   Conjuration/Fire             4
   f - Fireball                       Conjuration/Fire             5
Comestibles
 c - 8 rations


   Skills:
 + Level 2.2 Fighting
 + Level 2.2 Short Blades
 + Level 2.2 Long Blades
 + Level 2.2 Axes
 + Level 2.2 Maces & Flails
 + Level 2.2 Polearms
 + Level 2.2 Staves
 + Level 2.2 Slings
 + Level 2.2 Bows
 + Level 2.2 Crossbows
 + Level 2.2 Throwing
 + Level 2.2 Armour
 + Level 5.1 Dodging
 + Level 4.7 Stealth
 + Level 2.2 Shields
 + Level 2.2 Unarmed Combat
 + Level 5.5 Spellcasting
 + Level 2.8 Conjurations
 + Level 1.8 Hexes
 + Level 1.8 Charms
 + Level 1.8 Summonings
 + Level 1.8 Necromancy
 + Level 1.8 Translocations
 + Level 1.8 Transmutations
 + Level 5.7 Fire Magic
 + Level 1.8 Ice Magic
 + Level 1.8 Air Magic
 + Level 1.8 Earth Magic
 + Level 1.8 Poison Magic
 + Level 2.5 Invocations
 + Level 2.2 Evocations


You had 10 spell levels left.
You knew the following spells:

 Your Spells              Type           Power        Failure   Level  Hunger
a - Flame Tongue          Conj/Fire      ###..        1%          1    None
c - Conjure Flame         Conj/Fire      ###.....     5%          3    ##.....
i - Inner Flame           Hex/Fire       ###.....     7%          3    ##.....


Dungeon Overview and Level Annotations

Branches:
Dungeon (6/15)
 Temple: D:4-7

Altars:
Elyvilon
Xom

Shops:
D:5 %

Annotations:
D:4 Gorglomux's ghost, amateur DgWn


Innate Abilities, Weirdness & Mutations

Your experience applies equally to all skills.
You have very sharp teeth.
Your uncanny sense of smell can sniff out nearby items.


Message History

Aim: a bullfrog zombie (severely damaged)
The flame tongue hits the bullfrog zombie.
You destroy the bullfrog zombie!
Found 13 gold pieces.
You see here a scroll labeled ORINTO MEOHI.
j - 2 scrolls labeled ORINTO MEOHI (gained 1)
A quokka zombie comes into view.
The quokka zombie barely misses you.
You barely miss the quokka zombie. The quokka zombie bites you.
* * * LOW HITPOINT WARNING * * *
The quokka zombie closely misses you.
You thump the quokka zombie!
You destroy the quokka zombie!
You see here 13 gold pieces.
You now have 186 gold pieces (gained 13).
Found a stone staircase leading up.
Found 14 gold pieces.
Found a scroll labeled WEIWNE RUIPH.
You see here 14 gold pieces.
You now have 200 gold pieces (gained 14).
An adder comes into view.
An ogre comes into view. It is wielding a giant club.
You see here a scroll labeled WEIWNE RUIPH.
f - 3 scrolls labeled WEIWNE RUIPH (gained 1)
The adder hisses angrily.
You miss the adder. You bite the adder, but do no damage.
The adder closely misses you.
You sock the adder!
You kill the adder!
Casting: Flame Tongue
Confirm with . or Enter, or press ? or * to list all spells.
Aiming: Flame Tongue
Press: ? - help, Shift-Dir - straight line, f - ogre
Aim: an ogre, wielding a giant club The flame tongue hits the ogre.
The ogre is lightly wounded.
You hit the ogre.
The ogre is poisoned.
The ogre is lightly wounded.
The ogre closely misses you.
You sock the ogre!
The ogre is heavily wounded.
The ogre hits you with a giant club!
* * * LOW HITPOINT WARNING * * *
You hit the ogre but do no damage.
The ogre looks as sick as possible!
The ogre is severely wounded.
The ogre closely misses you.
Casting: Flame Tongue
Confirm with . or Enter, or press ? or * to list all spells.
Aiming: Flame Tongue
Press: ? - help, Shift-Dir - straight line, f/p - ogre
Aim: an ogre, wielding a giant club (severely wounded, poisoned)
The flame tongue hits the ogre.
The ogre is almost dead.
You kill the ogre!
You have reached level 7!
You see here a giant club.
Found an escape hatch in the floor.
Found a ration.
Found a stone staircase leading down.
You see here a ration.
c - 8 rations (gained 1)
There is a stone staircase leading down here.
You climb downwards.
Found 19 stones.
There is a stone staircase leading up here.
Unknown command.
Found a glowing sapphire potion and 67 gold pieces.
A bullfrog comes into view.
The bullfrog gives a loud, deep croak!
You see here a glowing sapphire potion.
z - a glowing sapphire potion
Casting: Flame Tongue
Confirm with . or Enter, or press ? or * to list all spells.
Aiming: Flame Tongue
Press: ? - help, Shift-Dir - straight line, f - bullfrog
Aim: a bullfrog The flame tongue hits the bullfrog.
The bullfrog is moderately wounded.
The bullfrog barely misses you.
You hit the bullfrog but do no damage.
The bullfrog is poisoned.
You bite the bullfrog.
The bullfrog is moderately wounded.
The bullfrog hits you.
* * * LOW HITPOINT WARNING * * *
The bullfrog hits you.
* * * LOW HITPOINT WARNING * * *
You barely miss the bullfrog. Your bite misses the bullfrog.
The bullfrog is heavily wounded.
The bullfrog releases a deep croak.
The bullfrog hits you but does no damage.
The bullfrog closely misses you.
Casting: Flame Tongue
Confirm with . or Enter, or press ? or * to list all spells.
Aiming: Flame Tongue
Press: ? - help, Shift-Dir - straight line, f/p - bullfrog
Aim: a bullfrog (severely wounded, poisoned)
The flame tongue hits the bullfrog.
The bullfrog is severely wounded.
The bullfrog misses you. The bullfrog hits you!
You die...

∆$# ##.....#
.##......# ..
.#......#### ...#
###.(.........
.....##.............
....................
.....#<..#.....##
###+ ##..##F...##..
##+##@.......
#............
#............
#..##+####### #.. ∆
#. # ∆


You could see a bullfrog.

Vanquished Creatures
  An ogre (D:5)
  A scorpion (D:4)
  A bullfrog zombie (D:5)
  A hound (D:4)
  2 orc priests
  2 orc wizards (D:4)
  An iguana (D:4)
  3 worker ants (D:4)
  2 adders
  An ooze (D:2)
  A worm (D:3)
  A leopard gecko (D:4)
  9 orcs
  4 bats
  3 goblins
  2 hobgoblins (D:1)
  6 jackals
  3 quokkas
  A ball python (D:4)
  A frilled lizard (D:4)
  5 kobolds
  A quokka zombie (D:5)
  2 rats (D:1)
54 creatures vanquished.

Notes
Turn   | Place    | Note
-------+----------+-------------------------------------------
     0 | D:1      | tidbits the Gnoll Fire Elementalist began the quest for the Orb.
     0 | D:1      | Reached XP level 1. HP: 13/13 MP: 6/6
    98 | D:2      | Reached skill level 2 in Conjurations
   114 | D:2      | Found a white marble altar of Elyvilon.
   152 | D:1      | Reached XP level 2. HP: 11/19 MP: 3/7
   351 | D:2      | Found a shimmering altar of Xom.
   391 | D:3      | Reached XP level 3. HP: 20/25 MP: 7/9
   430 | D:3      | Reached skill level 5 in Spellcasting
   533 | D:3      | Learned a level 3 spell: Conjure Flame
   537 | D:3      | Learned a level 3 spell: Inner Flame
   563 | D:4      | Reached skill level 1 in Invocations
   607 | D:4      | Reached skill level 1 in Fighting
   607 | D:4      | Reached skill level 1 in Short Blades
   607 | D:4      | Reached skill level 1 in Long Blades
   607 | D:4      | Reached skill level 1 in Axes
   607 | D:4      | Reached skill level 1 in Maces & Flails
   607 | D:4      | Reached skill level 1 in Polearms
   607 | D:4      | Reached skill level 1 in Staves
   607 | D:4      | Reached skill level 1 in Slings
   607 | D:4      | Reached skill level 1 in Bows
   607 | D:4      | Reached skill level 1 in Crossbows
   607 | D:4      | Reached skill level 1 in Throwing
   607 | D:4      | Reached skill level 1 in Armour
   607 | D:4      | Reached skill level 1 in Shields
   607 | D:4      | Reached skill level 1 in Unarmed Combat
   607 | D:4      | Reached skill level 1 in Evocations
   607 | D:4      | Reached XP level 4. HP: 16/32 MP: 8/11
   653 | D:4      | Noticed a phantom
   657 | D:4      | Reached skill level 1 in Hexes
   657 | D:4      | Reached skill level 1 in Charms
   657 | D:4      | Reached skill level 1 in Summonings
   657 | D:4      | Reached skill level 1 in Necromancy
   657 | D:4      | Reached skill level 1 in Translocations
   657 | D:4      | Reached skill level 1 in Transmutations
   657 | D:4      | Reached skill level 1 in Ice Magic
   657 | D:4      | Reached skill level 1 in Air Magic
   657 | D:4      | Reached skill level 1 in Earth Magic
   657 | D:4      | Reached skill level 1 in Poison Magic
   688 | D:4      | Noticed Gorglomux's ghost (amateur DgWn)
   696 | D:4      | Reached XP level 5. HP: 17/37 MP: 9/12
   749 | D:4      | Reached skill level 2 in Invocations
   749 | D:4      | Reached XP level 6. HP: 14/44 MP: 9/13
   812 | D:4      | Reached skill level 2 in Fighting
   812 | D:4      | Reached skill level 2 in Short Blades
   812 | D:4      | Reached skill level 2 in Long Blades
   812 | D:4      | Reached skill level 2 in Axes
   812 | D:4      | Reached skill level 2 in Maces & Flails
   812 | D:4      | Reached skill level 2 in Polearms
   812 | D:4      | Reached skill level 2 in Staves
   812 | D:4      | Reached skill level 2 in Slings
   812 | D:4      | Reached skill level 2 in Bows
   812 | D:4      | Reached skill level 2 in Crossbows
   812 | D:4      | Reached skill level 2 in Throwing
   812 | D:4      | Reached skill level 2 in Armour
   812 | D:4      | Reached skill level 5 in Dodging
   812 | D:4      | Reached skill level 2 in Shields
   812 | D:4      | Reached skill level 2 in Unarmed Combat
   812 | D:4      | Reached skill level 2 in Evocations
   862 | D:5      | Entered Level 5 of the Dungeon
   876 | D:5      | Found Uvoaloav's Food Shop.
   982 | D:5      | Reached XP level 7. HP: 9/50 MP: 12/15
  1008 | D:6      | HP: 5/50 [bullfrog (2)]
  1010 | D:6      | Slain by a bullfrog

Skill      XL: |  1  2  3  4  5  6 |
---------------+-------------------+-----
Conjurations   | 2 |  2.8
Spellcasting   | 5 |  5.5
Invocations    | 1 2 |  2.5
Fighting       | 1 2 |  2.2
Short Blades   | 1 2 |  2.2
Long Blades    | 1 2 |  2.2
Axes           | 1 2 |  2.2
Maces & Flails | 1 2 |  2.2
Polearms       | 1 2 |  2.2
Staves         | 1 2 |  2.2
Slings         | 1 2 |  2.2
Bows           | 1 2 |  2.2
Crossbows      | 1 2 |  2.2
Throwing       | 1 2 |  2.2
Armour         | 1 2 |  2.2
Shields        | 1 2 |  2.2
Unarmed Combat | 1 2 |  2.2
Evocations     | 1 2 |  2.2
Hexes          | 1 |  1.8
Charms         | 1 |  1.8
Summonings     | 1 |  1.8
Necromancy     | 1 |  1.8
Translocations | 1 |  1.8
Transmutations | 1 |  1.8
Ice Magic      | 1 |  1.8
Air Magic      | 1 |  1.8
Earth Magic    | 1 |  1.8
Poison Magic   | 1 |  1.8
Dodging        | 5 |  5.1
Stealth        | |  4.7
Fire Magic     | |  5.7

Action                   |  1- 3 |  4- 6 |  7- 9 || total
-------------------------+-------+-------+-------++-------
Melee: Short sword       |    35 |    36 |       ||    71
       Unarmed           |     3 |       |       ||     3
       Bite              |     2 |     2 |     1 ||     5
       Flail             |       |    11 |     2 ||    13
       Punch             |       |     1 |       ||     1
 Cast: Flame Tongue      |    39 |    25 |     2 ||    66
  Use: Potion            |       |     3 |       ||     3
 Stab: Sleeping          |     4 |     2 |       ||     6
  Eat: Ration            |       |     1 |       ||     1
Armor: Robe              |     7 |     3 |     1 ||    11
Dodge: Dodged            |    41 |    48 |     3 ||    92

Table legend:
 A = Turns spent in this place as a percentage of turns spent in the entire game.
 B = Non-inter-level travel turns spent in this place as a percentage of non-inter-level travel turns spent in the entire game.
 C = Inter-level travel turns spent in this place as a percentage of turns spent in this place.
 D = Turns resting spent in this place as a percentage of non-inter-level travel turns spent in this place.
 E = Turns spent auto-exploring this place as a percentage of non-inter-level travel turns spent in this place.
 F = Non-inter-level travel turns spent in this place divided by the number of levels of this place that you've seen.
                   A       B       C       D       E      F
               +-------+-------+-------+-------+-------+----------------------
         Total | 100.0 | 100.0 |   0.0 |   0.0 |   0.0 | 168.3
       Dungeon | 100.0 | 100.0 |   0.0 |   0.0 |   0.0 | 168.3
               +-------+-------+-------+-------+-------+----------------------

Table legend:
 A = Kills in this place as a percentage of kills in entire the game.
 B = Kills by you in this place as a percentage of kills by you in the entire game.
 C = Kills by friends in this place as a percentage of kills by friends in the entire game.
 D = Other kills in this place as a percentage of other kills in the entire game.
 E = Experience gained in this place as a percentage of experience gained in the entire game.
 F = Experience gained in this place divided by the number of levels of this place that you have seen.
                   A       B       C       D       E      F
               +-------+-------+-------+-------+-------+----------------------
         Total | 100.0 | 100.0 |   N/A |   N/A | 100.0 | 115.8
       Dungeon | 100.0 | 100.0 |   N/A |   N/A | 100.0 | 115.8
               +-------+-------+-------+-------+-------+----------------------

Vault maps used:
D:1:      minmay_arrival_five_plusses, due_unseen_surprise
D:2:      nicolae_ru_path_of_blood, nicolae_overflow_crystal_walls,
          xom_teletrap_fun, hangedman_decor_riveting
D:3:      first_ration, uniq_robin
D:4:      makhleb_altar_promises_db
D:5:      serial_column_ruins, column_ruins_square_large,
          column_ruins_open_large, column_ruins_open_small_water,
          column_ruins_grid_2, column_ruins_grid_4, column_ruins_open_tiny,
          column_ruins_grid_1, column_ruins_columns_straight, serial_shops,
          nicolae_shop_trees, shop, shop, nicolae_shop_crystal, shop,
          minivault_1, serial_bayou_lake_a
D:6:      kennysheep_mini, serial_shops, shop, minivault_22
